 Dungeon Crawl Stone Soup version 0.22.0-38-g04b72b8c25 (webtiles) character file.

906 Riddle the Stinger (level 8, -18/57 HPs)
             Began as a Gnoll Venom Mage on Aug 29, 2018.
             Was an Initiate of Ashenzari.
             Demolished by Menkaure (19 damage)
             ... on level 5 of the Dungeon on Aug 30, 2018.
             The game lasted 00:30:27 (6466 turns).

Riddle the Stinger (Gnoll Venom Mage)               Turns: 6466, Time: 00:30:32

Health: -18/57     AC:  6    Str: 11    XL:     8   Next: 8%
Magic:  16/16      EV: 15    Int: 19    God:    Ashenzari [......]
Gold:   179        SH:  0    Dex: 16    Spells: 12/18 levels left

rFire    + + .     SeeInvis .   a - +2 short sword (drain)
rCold    . . .     Gourm    .   (no shield)
rNeg     . . .     Faith    .   w - +1 robe {rF+}
rPois    +         Spirit   .   z - +0 helmet
rElec    .         Reflect  .   s - +0 cloak
rCorr    .         Harm     .   t - +0 pair of gloves
MR       .....                  (no boots)
Stlth    +++.......             (no amulet)
HPRegen  0.19/turn              d - ring of protection from fire
MPRegen  0.15/turn              o - ring of poison resistance

@: no status effects
A: distributed training, fangs 1, strong nose
a: Curse Item, Renounce Religion


You were on level 5 of the Dungeon.
You worshipped Ashenzari.
Ashenzari was noncommittal.
You were not hungry.

You visited 2 branches of the dungeon, and saw 6 of its levels.

You collected 179 gold pieces.

Inventory:

Hand Weapons
 a - a +2 short sword of draining (weapon)
Armour
 s - a +0 cloak (worn)
 t - a +0 pair of gloves (worn)
 u - a +2 leather armour of fire resistance
 w - a +1 robe of fire resistance (worn)
 z - a +0 helmet (worn)
Jewellery
 d - a ring of protection from fire (left hand)
 o - a ring of poison resistance (right hand)
Wands
 v - a wand of polymorph (9)
Scrolls
 f - a scroll of immolation {unknown}
 g - 2 scrolls of blinking {unknown}
 i - a scroll of teleportation
 k - 2 scrolls of magic mapping {unknown}
 p - 2 scrolls of random uselessness {unknown}
 y - a scroll of remove curse
 A - a scroll of fog {unknown}
Potions
 b - a potion of resistance
 e - a potion of ambrosia {unknown}
 h - a potion of cancellation
 j - a potion of magic {unknown}
 l - a potion of heal wounds {unknown}
 m - 2 potions of mutation {unknown}
 n - a potion of curing {unknown}
 q - a potion of lignification {unknown}
 r - a potion of degeneration {unknown}
 x - a potion of might {unknown}
Comestibles
 c - 6 rations


   Skills:
 + Level 2.8 Fighting
 + Level 2.8 Short Blades
 + Level 2.8 Long Blades
 + Level 2.8 Axes
 + Level 2.8 Maces & Flails
 + Level 2.8 Polearms
 + Level 2.8 Staves
 + Level 2.8 Slings
 + Level 2.8 Bows
 + Level 2.8 Crossbows
 + Level 2.8 Throwing
 + Level 2.8 Armour
 + Level 5.4 Dodging
 + Level 5.1 Stealth
 + Level 2.8 Shields
 + Level 2.8 Unarmed Combat
 + Level 5.8 Spellcasting
 + Level 3.2 Conjurations
 + Level 2.3 Hexes
 + Level 2.3 Charms
 + Level 2.3 Summonings
 + Level 2.3 Necromancy
 + Level 2.3 Translocations
 + Level 2.3 Transmutations
 + Level 2.3 Fire Magic
 + Level 2.3 Ice Magic
 + Level 2.3 Air Magic
 + Level 2.3 Earth Magic
 + Level 6.0 Poison Magic
 + Level 3.1 Invocations
 + Level 2.8 Evocations


You had 12 spell levels left.
You knew the following spells:

 Your Spells              Type           Power        Failure   Level  Hunger
a - Sting                 Conj/Pois      ###.         1%          1    None
b - Poisonous Vapours     Pois/Air       ###...       3%          2    None
c - Mephitic Cloud        Conj/Pois/Air  ###.....     7%          3    ##.....

Your spell library contained the following spells:

 Spells                   Type           Power        Failure   Level  Hunger
 Beastly Appendage        Tmut           ##....       4%          1    None
 Spider Form              Tmut/Pois      ###.......   6%          3    ##.....
 Sticks to Snakes         Tmut           ##......     7%          2    None
 Olgreb's Toxic Radiance  Pois           ####....     10%         4    ####...
 Ice Form                 Ice/Tmut       ##......     41%         4    ####...
 Venom Bolt               Conj/Pois      ###.......   43%         5    #####..
 Blade Hands              Tmut           ##........   77%         5    #####..


Dungeon Overview and Level Annotations

Branches:
Dungeon (5/15)             Temple (1/1) D:4

Altars:
Ashenzari
Dithmenos
Elyvilon
Hepliaklqana
Kikubaaqudgha
Nemelex Xobeh
Okawaru
Qazlal
Ru
Sif Muna
Trog
Uskayaw
Vehumet
Wu Jian
Zin
The Shining One

Annotations:
D:5 Menkaure


Innate Abilities, Weirdness & Mutations

Your experience applies equally to all skills.
You have very sharp teeth.
Your uncanny sense of smell can sniff out nearby items.


Message History

You hit Menkaure but do no damage. You bite Menkaure, but do no damage.
Menkaure is severely damaged.
Menkaure hits you!
* * * LOW HITPOINT WARNING * * *
Something hits you.
* * * LOW HITPOINT WARNING * * *
Something shocks you.
* * * LOW HITPOINT WARNING * * *
It was a potion of resistance.
You feel protected. Menkaure hits you.
* * * LOW HITPOINT WARNING * * *
Something barely misses you.
It was a potion of cancellation.
Your magical effects are unravelling.
You feel magically purged.
Your resistance to elements expires.
Menkaure giggles, "These cerements are ticklish..."
Menkaure hits you!!
You die...

#. #................###
#.. #..........(.....#..
#...##...##....#########
#...##...####### #
#..............
#..............
#...##...##... #...
#.{.# ... #.. #.@.# ..
## #.M.# #..... #......?
#......../ ##+###....
.... ...


You could see Menkaure.

Vanquished Creatures
  Duvessa (D:4)
  An ice beast (D:5)
  Blork the orc (D:4)
  Dowan (D:4)
  A howler monkey (D:4)
  A hound (D:4)
  6 orc priests
  An orc wizard (D:4)
  Natasha (thrice) (D:3)
  A bullfrog skeleton (D:4)
  An iguana (D:4)
  Robin (D:4)
  A worker ant zombie (D:5)
  6 adders
  3 oozes
  A worm (D:4)
  2 dart slugs (D:2)
  2 leopard geckos (D:1)
  9 orcs
  5 giant cockroaches
  11 goblins
  10 hobgoblins
  9 jackals
  A quokka (D:4)
  12 bats
  6 frilled lizards
  5 kobolds
  8 rats
110 creatures vanquished.

Notes
Turn   | Place    | Note
-------+----------+-------------------------------------------
     0 | D:1      | Riddle the Gnoll Venom Mage began the quest for the Orb.
     0 | D:1      | Reached XP level 1. HP: 13/13 MP: 6/6
    95 | D:1      | Reached XP level 2. HP: 19/19 MP: 4/7
  1038 | D:1      | Reached XP level 3. HP: 25/25 MP: 7/9
  1301 | D:2      | Reached skill level 5 in Spellcasting
  1419 | D:2      | Learned a level 2 spell: Poisonous Vapours
  1439 | D:2      | Found a glowing golden altar of the Shining One.
  1509 | D:2      | Reached skill level 1 in Invocations
  1632 | D:2      | Reached skill level 1 in Fighting
  1632 | D:2      | Reached skill level 1 in Short Blades
  1632 | D:2      | Reached skill level 1 in Long Blades
  1632 | D:2      | Reached skill level 1 in Axes
  1632 | D:2      | Reached skill level 1 in Maces & Flails
  1632 | D:2      | Reached skill level 1 in Polearms
  1632 | D:2      | Reached skill level 1 in Staves
  1632 | D:2      | Reached skill level 1 in Slings
  1632 | D:2      | Reached skill level 1 in Bows
  1632 | D:2      | Reached skill level 1 in Crossbows
  1632 | D:2      | Reached skill level 1 in Throwing
  1632 | D:2      | Reached skill level 1 in Armour
  1632 | D:2      | Reached skill level 1 in Shields
  1632 | D:2      | Reached skill level 1 in Unarmed Combat
  1632 | D:2      | Reached skill level 1 in Evocations
  1683 | D:2      | Reached XP level 4. HP: 32/32 MP: 1/11
  1763 | D:2      | Reached skill level 1 in Hexes
  1763 | D:2      | Reached skill level 1 in Charms
  1763 | D:2      | Reached skill level 1 in Summonings
  1763 | D:2      | Reached skill level 1 in Necromancy
  1763 | D:2      | Reached skill level 1 in Translocations
  1763 | D:2      | Reached skill level 1 in Transmutations
  1763 | D:2      | Reached skill level 1 in Fire Magic
  1763 | D:2      | Reached skill level 1 in Ice Magic
  1763 | D:2      | Reached skill level 1 in Air Magic
  1763 | D:2      | Reached skill level 1 in Earth Magic
  2018 | D:2      | Reached XP level 5. HP: 37/37 MP: 7/12
  2629 | D:3      | Noticed Natasha
  2660 | D:3      | Killed Natasha
  2789 | D:3      | Noticed Natasha
  2792 | D:3      | Killed Natasha
  3051 | D:3      | Noticed Natasha
  3059 | D:3      | Killed Natasha
  3298 | D:3      | Reached XP level 6. HP: 14/44 MP: 9/13
  3785 | D:3      | Reached skill level 5 in Dodging
  4789 | D:4      | Reached XP level 7. HP: 50/50 MP: 8/15
  5374 | D:4      | Noticed Robin
  5387 | D:4      | Killed Robin
  5663 | D:4      | Noticed Duvessa
  5672 | D:4      | Killed Duvessa
  5837 | D:4      | Noticed Dowan
  5845 | D:4      | Killed Dowan
  5845 | D:4      | Reached skill level 5 in Stealth
  5943 | D:4      | Found a staircase to the Ecumenical Temple.
  5946 | D:4      | Noticed Blork the orc
  5961 | D:4      | Killed Blork the orc
  6002 | Temple   | Entered the Ecumenical Temple
  6134 | Temple   | Became a worshipper of Ashenzari the Shackled
  6285 | D:5      | Entered Level 5 of the Dungeon
  6296 | D:5      | Learned a level 3 spell: Mephitic Cloud
  6313 | D:5      | Found a stormy altar of Qazlal.
  6330 | D:5      | Reached skill level 6 in Poison Magic
  6330 | D:5      | Reached XP level 8. HP: 57/57 MP: 14/16
  6450 | D:5      | Noticed Menkaure
  6465 | D:5      | HP: 1/57 [Menkaure (2)]
  6466 | D:5      | Demolished by Menkaure

Skill      XL: |  1  2  3  4  5  6  7 |
---------------+----------------------+-----
Conjurations   | 2 3 |  3.2
Spellcasting   | 5 |  5.8
Invocations    | 1 2 3 |  3.1
Fighting       | 1 2 |  2.8
Short Blades   | 1 2 |  2.8
Long Blades    | 1 2 |  2.8
Axes           | 1 2 |  2.8
Maces & Flails | 1 2 |  2.8
Polearms       | 1 2 |  2.8
Staves         | 1 2 |  2.8
Slings         | 1 2 |  2.8
Bows           | 1 2 |  2.8
Crossbows      | 1 2 |  2.8
Throwing       | 1 2 |  2.8
Armour         | 1 2 |  2.8
Shields        | 1 2 |  2.8
Unarmed Combat | 1 2 |  2.8
Evocations     | 1 2 |  2.8
Hexes          | 1 2 |  2.3
Charms         | 1 2 |  2.3
Summonings     | 1 2 |  2.3
Necromancy     | 1 2 |  2.3
Translocations | 1 2 |  2.3
Transmutations | 1 2 |  2.3
Fire Magic     | 1 2 |  2.3
Ice Magic      | 1 2 |  2.3
Air Magic      | 1 2 |  2.3
Earth Magic    | 1 2 |  2.3
Dodging        | 5 |  5.4
Stealth        | 5 |  5.1
Poison Magic   | 6 |  6.0

Action                   |  1- 3 |  4- 6 |  7- 9 || total
-------------------------+-------+-------+-------++-------
Melee: Unarmed           |    13 |       |       ||    13
       Bite              |     1 |     6 |    10 ||    17
       Hand axe          |       |    33 |    26 ||    59
       Short sword       |       |       |    32 ||    32
       Punch             |       |       |     2 ||     2
 Cast: Sting             |    45 |    17 |     1 ||    63
       Poisonous Vapours |    16 |    65 |    39 ||   120
  Use: Scroll            |       |       |     4 ||     4
       Potion            |       |       |     2 ||     2
  Eat: Chunk             |     2 |     6 |     3 ||    11
       Ration            |       |     1 |     1 ||     2
Armor: Robe              |     7 |     3 |     9 ||    19
Dodge: Dodged            |    32 |    31 |    42 ||   105
